 Dungeon Crawl Stone Soup version 0.27.1-16-g815e20cd7a (webtiles) character file.

Game seed: 17698059453010462223

147 bearlyready the Chopper (level 5, -3/57 HPs)
             Began as a Human Wanderer on Nov 21, 2021.
             Slain by a river rat (5 damage)
             ... on level 3 of the Dungeon.
             The game lasted 00:03:44 (2144 turns).

bearlyready the Chopper (Human Wanderer)            Turns: 2144, Time: 00:03:45

Health: -3/57      AC: 22    Str: 11    XL:     5   Next: 54%
Magic:  5/5        EV:  2    Int: 11    God:
Gold:   84         SH:  0    Dex: 16    Spells: 4/4 levels left

rFire    + . .     SeeInvis .   a - +2 hand axe
rCold    + . .     Faith    .   (no shield)
rNeg     + + +     Spirit   .   (armour currently unavailable)
rPois    +         Reflect  .   (helmet currently unavailable)
rElec    +         Harm     .   (cloak currently unavailable)
rCorr    +         Rampage  .   (gloves currently unavailable)
Will     .....     NoTele   +   (boots currently unavailable)
Stlth    ++........             (no amulet)
HPRegen  0.19/turn              j - ring of resist corrosion
MPRegen  0.09/turn              (no ring)

@: tree-form, resistant
A: stationary, stasis, torment immunity, boosted hp
a: no special abilities


You were on level 3 of the Dungeon.
You were a tree.
You visited 1 branch of the dungeon, and saw 3 of its levels.

You collected 84 gold pieces.

Inventory:

Hand Weapons
 a - a +2 hand axe (weapon)
 b - a +0 hunting sling
 h - a +0 dagger of venom
Missiles
 d - 10 javelins
 e - 164 stones (quivered)
 f - 14 sling bullets
Armour
 g - a +3 leather armour (melded)
 i - a +0 ring mail
 k - a +0 helmet (melded)
Jewellery
 j - a ring of resist corrosion (left branch)
Scrolls
 c - 2 scrolls of teleportation


   Skills:
 - Level 2.0 Fighting
 + Level 5.8 Axes
 - Level 1.0 Throwing
 - Level 1.0 Dodging
 - Level 1.0 Stealth
 - Level 1.0 Unarmed Combat
 - Level 1.0 Evocations


You had 4 spell levels left.
You didn't know any spells.
Your spell library was empty.

Dungeon Overview and Level Annotations

Branches:
Dungeon (3/15)

Altars:
Sif Muna
The Shining One


Message History

The river rat bites you.
You aren't carrying any items that you can evoke.
You hit the river rat.
The river rat is almost dead.
The river rat closely misses you.
You hit the river rat.
You kill the river rat!
You closely miss the river rat. The river rat bites you.
You closely miss the river rat. The river rat bites you.
* * * LOW HITPOINT WARNING * * *
It was a potion of lignification.
You turn into a tree.
Your +0 helmet melds into your body.
Your +3 leather armour melds into your body.
Your roots penetrate the ground.
The river rat bites you.
* * * LOW HITPOINT WARNING * * *
You barely miss the river rat.
The river rat bites you but does no damage.
You closely miss the river rat.
The river rat bites you but does no damage.
You hit the river rat.
The river rat is heavily wounded.
The river rat bites you.
* * * LOW HITPOINT WARNING * * *
You hit the river rat but do no damage.
The river rat is heavily wounded.
The river rat bites you but does no damage.
You hit the river rat but do no damage.
The river rat is heavily wounded.
The river rat bites you!
* * * LOW HITPOINT WARNING * * *
Okay, then.
It was a potion of resistance.
You feel protected.
The river rat bites you but does no damage.
You aren't carrying any items that you can evoke.
As you read the scroll labelled KOSOFO UXZI, it crumbles to dust.
It is a scroll of identify.
You don't have any unidentified items.
The river rat bites you.
You die...

#
#...........#.§.....
###########..#####
###....# #.#.##
#.#.# #.#.# #.#.##
#.#..# #♣##.##
#r##..# #r###.##
.########r# #..#
.......).r####.##
#########.......#
#.......##
#.)......#
#########..†...#.#


You could see 3 river rats and a rat.

Vanquished Creatures
  Robin (D:2)
  4 adders (D:2)
  A river rat (D:3)
  An ufetubus (D:3)
  3 dart slugs
  An orc (D:3)
  5 bats
  5 endoplasms
  2 giant cockroaches
  17 goblins
  8 hobgoblins
  3 jackals (D:2)
  3 kobolds
  3 quokkas
  5 ball pythons
  2 frilled lizards (D:1)
  9 rats
73 creatures vanquished.

Notes
Turn   | Place    | Note
-------+----------+-------------------------------------------
     0 | D:1      | bearlyready the Human Wanderer began the quest for the Orb.
     0 | D:1      | bearlyready set off with the following items: a +2 hand
                  | axe, a +0 ring mail, a scroll of teleportation
     0 | D:1      | Reached XP level 1. HP: 16/16 MP: 1/1
   123 | D:1      | Reached XP level 2. HP: 22/22 MP: 2/2
   530 | D:1      | Reached skill level 4 in Axes
   530 | D:1      | Reached XP level 3. HP: 22/27 MP: 3/3
   935 | D:1      | Found a faded altar of an unknown god.
  1114 | D:2      | Noticed Robin
  1307 | D:2      | Reached XP level 4. HP: 32/33 MP: 4/4
  1442 | D:2      | Found a shimmering blue altar of Sif Muna.
  1562 | D:2      | Reached skill level 5 in Axes
  1677 | D:2      | Killed Robin
  1678 | D:2      | Reached XP level 5. HP: 35/38 MP: 5/5
  1966 | D:3      | Found a glowing golden altar of the Shining One.
  2072 | D:3      | Found a shimmering blue altar of Sif Muna.
  2142 | D:3      | HP: 2/57 [river rat (7)]
  2144 | D:3      | Slain by a river rat

Illustrated notes

Levels and vault maps discovered:
D:1:      eino_arrival_tree_alley, layout_loops_corners,
          hellmonk_ecumenical_altar_run_dry
D:2:      layout_basic, basic_altar, uniq_robin
D:3:      layout_basic, mainiacjoe_overflow_paths, tso_metal_star,
          portal_sewer_entry_b

Skill      XL: |  1  2  3  4 |
---------------+-------------+-----
Axes           | 4 5 |  5.8
Fighting       | |  2.0
Throwing       | |  1.0
Dodging        | |  1.0
Stealth        | |  1.0
Unarmed Combat | |  1.0
Evocations     | |  1.0

Action                   |  1- 3 |  4- 6 || total
-------------------------+-------+-------++-------
Melee: Hand axe          |    82 |    82 ||   164
       Punch             |     1 |       ||     1
 Fire: Hunting sling     |       |     4 ||     4
  Use: Potion            |       |     2 ||     2
       Scroll            |       |     1 ||     1
 Stab: Sleeping          |       |     2 ||     2
Armor: Ring mail         |    17 |       ||    17
       Leather armour    |    13 |    24 ||    37
       Skin              |       |     4 ||     4
Dodge: Dodged            |    39 |    62 ||   101
